 Dungeon Crawl Stone Soup version 0.31-a0-43-g46d131a48f (webtiles) character file.

Game seed: 2862513674793900595

57 lunkers the Twirler (level 4, -5/35 HPs)
             Began as a Meteoran Wanderer on May 18, 2023.
             Slain by an orc
             ... wielding a +0 hand axe
              (7 damage)
             ... on level 2 of the Dungeon.
             The game lasted 00:00:58 (553 turns).

lunkers the Twirler (Meteoran Wanderer)              Turns: 553, Time: 00:00:59

Health: -5/35      AC:  3    Str: 12    XL:     4   Next: 41%
Magic:  5/5        EV: 13    Int: 12    God:
Gold:   51         SH:  0    Dex: 18    Spells: 3/3 levels left

rFire   . . .        a - +2 quarterstaff
rCold   . . .        (shield currently unavailable)
rNeg    . . .        e - +0 robe
rPois   .            (no helmet)
rElec   .            c - +0 cloak
rCorr   .            (no gloves)
SInv    .            (no boots)
Will    .....        (no amulet)
Stlth   +            (no ring)
HPRegen 0.25/turn    (no ring)
MPRegen 0.09/turn

%: no passive effects
@: glowing
A: sense surroundings 1, otherworldly, glowing, explore regen
a: no special abilities


You were on level 2 of the Dungeon.
You visited 1 branch of the dungeon, and saw 2 of its levels.

You collected 51 gold pieces.

Inventory:

Hand Weapons
 a - a +2 quarterstaff (weapon)
Armour
 c - a +0 cloak (worn)
 e - a +0 robe (worn)
Scrolls
 b - a scroll of teleportation
 f - a scroll of enchant weapon {unknown}
 g - a scroll of immolation {unknown}
Potions
 d - a potion of curing
 h - a potion of magic {unknown}


   Skills:
 - Level 1.1 Fighting
 + Level 5.7 Staves
 - Level 1.2 Throwing
 - Level 2.4 Armour
 - Level 2.4 Dodging
 - Level 1.2 Unarmed Combat


You had 3 spell levels left.
You didn't know any spells.
Your spell library was empty.

Dungeon Overview and Level Annotations

Branches:
Dungeon (2/15) Zot: 644

Altars:


Innate Abilities, Weirdness & Mutations

You passively map a small area around you.
You are easily found by Zot.
You glow in the dark.
You regain HP and MP as you explore.


Message History

You kill the orc!
The orc priest miscasts a cantrip.
Unknown command.
You barely miss the orc. You hit the orc priest.
The orc priest is moderately wounded.
The orc priest completely misses you. The orc hits you with a +0 club.
You barely miss the orc priest.
The orc priest is moderately wounded.
The orc hits you but does no damage.
The orc priest hits you but does no damage.
Unknown command.
You hit the orc priest.
The orc priest is heavily wounded.
A hobgoblin comes into view.
The orc priest hits you with a +0 club. The orc hits you with a +0 club.
* * * LOW HITPOINT WARNING * * *
You barely miss the orc priest.
The orc priest is heavily wounded.
The orc closely misses you. The orc priest hits you with a +0 club.
* * * LOW HITPOINT WARNING * * *
You hit the orc priest.
The orc priest is almost dead.
The orc priest hits you with a +0 club.
* * * LOW HITPOINT WARNING * * *
The orc hits you with a +0 club.
* * * LOW HITPOINT WARNING * * *
You hit the orc priest.
You kill the orc priest!
The orc throws a silver boomerang.
The silver boomerang hits you.
* * * LOW HITPOINT WARNING * * *
* * * LOW HITPOINT WARNING * * *
The orc hits you with a +0 club.
* * * LOW HITPOINT WARNING * * *
You have reached level 4!
Unknown command.
Unknown command.
You barely miss the orc. The orc barely misses you.
You barely miss the orc. The orc hits you with a +0 hand axe!
You die...

, #..# *#..#
....o..#..#
.~o..~.#..#
..o....#..#
..o..o.#g.#
* ,
...o...#..#
,
.~...~.#..##
, *
.......#@..#
.......oo#)#
.....#####.#
, ### , #.#
* , ,* #..#
,, ,* ...##
, #.##* , ,
#..* ... , ,
,


You could see 2 orcs and a hobgoblin.

Vanquished Creatures
  An orc priest (D:2)
  A gnoll (D:1)
  2 orcs (D:2)
  2 endoplasms (D:1)
  2 goblins (D:1)
  2 hobgoblins (D:1)
  3 kobolds
  A frilled lizard (D:1)
14 creatures vanquished.

Notes
Turn   | Place    | Note
-------+----------+-------------------------------------------
     0 | D:1      | lunkers the Meteoran Wanderer began the quest for the Orb.
     0 | D:1      | lunkers set off with the following items: a +2
                  | quarterstaff, a scroll of teleportation, a +0 cloak, a
                  | potion of curing, a +0 robe.
     0 | D:1      | Reached XP level 1. HP: 16/16 MP: 2/2
   298 | D:1      | Reached skill level 4 in Staves
   298 | D:1      | Reached XP level 2. HP: 21/23 MP: 3/3
   328 | D:1      | Reached XP level 3. HP: 23/28 MP: 4/4
   498 | D:1      | Glimpsed the power of Zot.
   544 | D:2      | Reached skill level 5 in Staves
   551 | D:2      | HP: 1/28 [orc/+0 club (2)]
   552 | D:2      | Reached XP level 4. HP: 1/35 MP: 5/5
   553 | D:2      | Slain by an orc

Illustrated notes

Levels and vault maps discovered:
D:1:      elethiomel_arrival_shortcut, layout_basic,
          shapermc_ecumenical_altar_mp_urbaneastern
D:2:      cheibrodos_pilgrimage, layout_basic

Skill      XL: |  1  2  3 |
---------------+----------+-----
Staves         | 4 5 |  5.7
Fighting       | |  1.1
Throwing       | |  1.2
Armour         | |  2.4
Dodging        | |  2.4
Unarmed Combat | |  1.2

Action                     |  1- 3 |  4- 6 || total
---------------------------+-------+-------++-------
  Melee: Quarterstaff      |    31 |     2 ||    33
 Armour: Robe              |     5 |       ||     5
  Dodge: Dodged            |    10 |     1 ||    11

Table legend: (Time is in decaauts)
 A = Elapsed time spent in this place.
 B = Non-inter-level travel time spent in this place.
 C = Inter-level travel time spent in this place.
 D = Time resting spent in this place.
 E = Time spent auto-exploring this place.
 F = Levels seen in this place.
 G = Mean time per level.
                   A        B        C        D        E       F      G
               +--------+--------+--------+--------+--------+-----+--------+
         Total |    554 |    529 |     25 |      0 |    446 |   2 |  277.0 |
       Dungeon |    554 |    529 |     25 |      0 |    446 |   2 |  277.0 |
               +--------+--------+--------+--------+--------+-----+--------+

Top non-repeatable levels by time:
     D:1: 526 daAuts
     D:2: 28 daAuts
